 Dungeon Crawl Stone Soup version 0.28.0-53-g5a82cb258f (webtiles) character file.

Game seed: 16444472669692963642

54 Diggabert the Skirmisher (level 4, -1/37 HPs)
             Began as a Formicid Abyssal Knight on June 28, 2022.
             Was a Believer of Lugonu.
             Slain by Robin
             ... wielding a +5 short sword of protection
              (10 damage)
             ... on level 2 of the Dungeon.
             The game lasted 00:02:17 (1174 turns).

Diggabert the Skirmisher (Formicid Abyssal Knight)  Turns: 1174, Time: 00:02:17

Health: -1/37      AC:  5    Str: 20    XL:     4   Next: 12%
Magic:  5/5        EV: 10    Int:  9    God:    Lugonu [**....]
Gold:   61         SH:  0    Dex: 11    Spells: 3/3 levels left

rFire   . . .      SeeInvis +   a - +1 mace
rCold   . . .      Faith    .   (no shield)
rNeg    . . .      Spirit   .   g - +0 ring mail
rPois   .          Reflect  .   (helmet unavailable)
rElec   .          Harm     .   (no cloak)
rCorr   +          Rampage  .   (no gloves)
Will    .....                   (no boots)
Stlth   +.........              (no amulet)
HPRegen 0.12/turn               k - ring of resist corrosion
MPRegen 0.09/turn               (no ring)

@: no status effects
A: permanent stasis, dig shafts and tunnels, antennae 3, four strong arms
a: Dig, Shaft Self, Renounce Religion, Depart the Abyss, Bend Space


You were on level 2 of the Dungeon.
You worshipped Lugonu.
Lugonu was pleased with you.
You visited 1 branch of the dungeon, and saw 3 of its levels.
You visited the Abyss 1 time.

You collected 61 gold pieces.

Inventory:

Hand Weapons
 a - a +1 mace (weapon)
Armour
 g - a +0 ring mail (worn)
Jewellery
 k - a ring of resist corrosion (left hand)
Scrolls
 b - 2 scrolls of identify {unknown}
 e - a scroll of vulnerability {unknown}
 f - a scroll of enchant armour {unknown}
 h - a scroll of immolation {unknown}
 i - a scroll of enchant weapon {unknown}
 l - a scroll of noise {unknown}
Potions
 j - a potion of might {unknown}
 m - a potion of flight {unknown}


   Skills:
 * Level 4.1 Fighting
 * Level 2.8 Maces & Flails
 * Level 2.8 Armour
 - Level 0.8 Dodging
 * Level 2.5 Invocations


You had 3 spell levels left.
You didn't know any spells.
Your spell library contained the following spells:

 Spells                   Type           Power      Damage    Failure   Level
 Freeze                   Ice            0%         1d3       56%         1
 Searing Ray              Conj           0%         2d4       71%         2
 Frozen Ramparts          Ice            0%         1d2       90%         3
 Mephitic Cloud           Conj/Pois/Air  0%         N/A       90%         3
 Flame Wave               Conj/Fire      0%         2d4       100%        4
 Hailstorm                Conj/Ice       0%         3d3       100%        4
 Haunt                    Necr/Summ      0%         N/A       100%        7


Dungeon Overview and Level Annotations

Branches:
Dungeon (3/15)

Altars:

Annotations:
D:2 Robin


Innate Abilities, Weirdness & Mutations

You cannot be hasted, slowed, berserked, paralysed or teleported.
You can dig through walls and to a lower floor.
You have a pair of large antennae on your head. (SInv)
Your four strong arms can wield two-handed weapons with a shield.


Message History

A kobold comes into view. It is wielding a +0 short sword.
The kobold shouts!
A ball python comes into view.
The frilled lizard hisses angrily.
An endoplasm comes into view.
The endoplasm quivers.
There is a stone staircase leading up, spattered with blood here.
You climb upwards.
Level annotation: Robin The goblin hits you but does no damage.
There is a stone staircase leading down here.
Things that are here:
an orange potion; a +0 club; a +0 dagger It was a potion of magic.
Magic courses through your body. The goblin hits you with a +0 dagger.
* * * LOW HITPOINT WARNING * * *
Robin roars a battlecry!
The goblin goes into a battle-frenzy!
It was a potion of ambrosia.
You are confused.
You feel invigorated. The goblin hits you but does no damage.
You hit the goblin.
You kill the goblin!
Lugonu accepts your kill.
Robin hits you with a +5 short sword of protection.
Robin closely misses you.
You bump into the rock wall.
Robin hits you with a +5 short sword of protection.
You bump into the rock wall.
You feel less invigorated.
You feel less confused.
Robin hits you with a +5 short sword of protection.
* * * LOW HITPOINT WARNING * * *
You hit Robin but do no damage. Robin barely misses you.
You closely miss Robin.
Robin hits you with a +5 short sword of protection.
* * * LOW HITPOINT WARNING * * *
You closely miss Robin. Robin closely misses you.
You barely miss Robin.
Robin hits you with a +5 short sword of protection!
You die...

.###........8.#
#.#
..............#
#.#
...⌠.###...####
#.# .....#
#.>.# ## #.#
###### #...# ..
#.# ##### #.
#.# #.# #. #.#
.....#.####.#
#...g@)..#
###.###### ...
####


You could see Robin.

Vanquished Creatures
  A gnoll (D:1)
  An adder (D:2)
  2 ball pythons (D:1)
  A bat (D:1)
  2 endoplasms (D:1)
  3 giant cockroaches
  7 hobgoblins
  3 quokkas
  3 frilled lizards (D:1)
  4 goblins (D:2)
  A kobold (D:1)
  4 rats (D:1)
32 creatures vanquished.

Notes
Turn   | Place    | Note
-------+----------+-------------------------------------------
     0 | Abyss:1  | Diggabert the Formicid Abyssal Knight began the quest for
                  | the Orb.
     0 | Abyss:1  | Reached XP level 1. HP: 18/18 MP: 2/2
    11 | D:1      | Escaped the Abyss
    84 | D:1      | Reached XP level 2. HP: 24/24 MP: 3/3
   402 | D:1      | Got Sif Muna's Tome of Black Rituals and Attacks
   510 | D:1      | Reached XP level 3. HP: 18/30 MP: 4/4
   735 | D:1      | Reached skill level 4 in Fighting
   794 | D:1      | Reached ** piety under Lugonu
  1107 | D:2      | Reached XP level 4. HP: 37/37 MP: 5/5
  1113 | D:2      | Noticed Robin
  1174 | D:2      | Slain by Robin

Illustrated notes

Levels and vault maps discovered:
D:1:      lemuel_arrival_river_bridge, layout_basic, hangedman_decor_growths,
          minmay_pentomino_r4
D:2:      layout_loops_cross, basic_ecumenical_altar, minmay_door_square,
          nicolae_elevator_lobby_asterisk, uniq_robin, uniq_jessica
D:3:      layout_rooms, minmay_misc_feat_columns

Skill      XL: |  1  2  3 |
---------------+----------+-----
Fighting       | 4 |  4.1
Maces & Flails | |  2.8
Armour         | |  2.8
Dodging        | |  0.8
Invocations    | |  2.5

Action                   |  1- 3 |  4- 6 || total
-------------------------+-------+-------++-------
Melee: Mace              |    86 |    21 ||   107
  Use: Potion            |       |     2 ||     2
Armor: Leather armour    |     5 |       ||     5
       Ring mail         |    24 |     7 ||    31
Dodge: Dodged            |    51 |    13 ||    64
